 Dungeon Crawl Stone Soup version 0.30-a0-728-gc68057be0a (webtiles) character file.

Game seed: 3700767592623836916

1411750 cforsyth the Worldbinder (level 26, 229/229 HPs)
             Began as a Demonspawn Summoner on Jan 30, 2023.
             Was the Champion of Jiyva.
             Escaped with the Orb
             ... and 3 runes on Jan 31, 2023!
             The game lasted 05:17:13 (104016 turns).

cforsyth the Worldbinder (Demonspawn Summoner)    Turns: 104016, Time: 05:17:13

Health: 229/229    AC: 29    Str:  8    XL:     26   Next: 76%
Magic:  54/54      EV: 30    Int: 23    God:    Jiyva [******]
Gold:   7635       SH:  4    Dex: 24    Spells: 2/69 levels left

rFire   + + .      SeeInvis .    u - +7 mace "Uhoraniutu" {protect, Drain rElec rF+ rC+++}
rCold   + + +      Faith    .    (no shield)
rNeg    + + .      Spirit   +    R - +4 moon troll leather armour {Spirit, Regen++ MP+5}
rPois   +          Reflect  .    F - +2 helmet of Focus {Will+ Stlth+}
rElec   +          Harm     .    O - +4 dragonskin cloak
rCorr   +          Rampage  .    (gloves unavailable)
Will    ++...      Clarity  +    P - +2 pair of boots {Stlth+}
Stlth   ++                       b - amulet of Togu {rF+ Regen+ Stlth+}
HPRegen 4.58/turn                L - ring of wizardry
MPRegen 1.18/turn                I - ring "Ylesaucs" {rC+ rN++}

@: studying Ice Magic
A: slimy green scales 3, icemail 2, magic shield, magic regeneration, magic
link, black mark, condensation shield, bedeviling, aura of silence, demonic
touch 3, agile 2, clarity, deformed body, acidic bite, eyeballs 2, pseudopods 3,
tendrils, MP-powered wands
0: Orb of Zot
}: 3/15 runes: serpentine, barnacled, slimy
a: Renounce Religion, Oozemancy, Slimify


You escaped.
You worshipped Jiyva.
Jiyva was exalted by your worship.
You visited 14 branches of the dungeon, and saw 57 of its levels.
You visited the Abyss 1 time.
You also visited: Trove, Sewer and Ice Cave.

You collected 22298 gold pieces.
You spent 5383 gold pieces at shops.
You paid 9280 gold pieces to Gozag.

Inventory:

Hand Weapons
 u - the +7 mace "Uhoraniutu" (weapon) {protect, Drain rElec rF+ rC+++}
   (You took it off a deep elf zephyrmancer on level 2 of the Elven Halls)

   rF:        It protects you from fire.
   rC:        It renders you almost immune to cold.
   rElec:     It insulates you from electricity.
   Drain:     It drains your maximum health when unequipped.
Armour
 l - a +0 pair of boots of flying
 F - the +2 helmet of Focus (worn) {Will+ Stlth+}
   (You bought it in a shop on level 2 of the Dungeon)

   Will:      It increases your willpower.
   Stlth:     It makes you more stealthy.
 O - the +4 dragonskin cloak (worn)
   (You took it off Tiamat on level 4 of the Realm of Zot)

   Avatar's Aegis: It grants the wearer a chance to resist fire, cold, poison,
   electricity, acid, and negative energy.
 P - a +2 pair of boots of stealth (worn)
 R - the +4 moon troll leather armour (worn) {Spirit, Regen++ MP+5}
   (You bought it in a shop on level 1 of the Lair of Beasts)

   MP:        It affects your magic capacity (+5).
   Regen:     It increases your rate of health regeneration.
Jewellery
 b - the amulet of Togu (around neck) {rF+ Regen+ Stlth+}
   (You found it on level 3 of the Crypt)

   [amulet of regeneration]

   rF:        It protects you from fire.
   Regen:     It increases your rate of health regeneration.
   Stlth:     It makes you more stealthy.
 G - the ring of the Morning {Will+ Dex+2}
   (You found it on level 3 of the Depths)

   [ring of willpower]

   Dex:       It affects your dexterity (+2).
   Will:      It increases your willpower.
 H - a ring of protection from fire
 I - the ring "Ylesaucs" (right hand) {rC+ rN++}
   (You found it on level 4 of the Vaults)

   [ring of protection from cold]

   rC:        It protects you from cold.
   rN:        It greatly protects you from negative energy.
 K - the ring "Ebei" {Ice rN+++ Will- MP+9}
   (You took it off a deep elf elementalist on level 3 of the Elven Halls)

   [ring of ice]

   It enhances your ice magic.
   rF:        It makes you vulnerable to fire.
   rC:        It protects you from cold.
   rN:        It renders you almost immune to negative energy.
   MP:        It affects your magic capacity (+9).
   Will:      It decreases your willpower.
 L - a ring of wizardry (left hand)
 W - a ring of see invisible
 Y - a +5 ring of evasion
 Z - a ring of magical power
Wands
 d - a wand of charming (39)
 h - a wand of flame (91)
 s - a wand of mindburst (21)
 C - a wand of digging (4)
 D - a wand of iceblast (42)
 T - a wand of light (11)
Scrolls
 c - 5 scrolls of immolation
 e - 9 scrolls of fog
 g - 2 scrolls of magic mapping
 j - 10 scrolls of enchant armour
 k - 15 scrolls of teleportation
 n - 2 scrolls of brand weapon
 r - a scroll of summoning
 t - 38 scrolls of identify
 y - 3 scrolls of fear
 A - 8 scrolls of vulnerability
 B - 13 scrolls of amnesia
 E - 11 scrolls of enchant weapon
 J - a scroll of blinking
 N - 6 scrolls of poison
 Q - a scroll of silence
 X - 4 scrolls of torment
Potions
 a - 10 potions of curing
 f - 11 potions of lignification
 i - 11 potions of flight
 m - 10 potions of might
 o - 3 potions of cancellation
 p - 2 potions of haste
 q - 3 potions of heal wounds
 v - 7 potions of attraction
 w - 4 potions of magic
 x - 8 potions of mutation
 z - 5 potions of resistance
 M - 8 potions of ambrosia
 S - 2 potions of berserk rage
 U - a potion of brilliance
 V - 4 potions of invisibility


   Skills:
 - Level 23.4 Fighting
 - Level 6.2 Maces & Flails
 - Level 21.8 Dodging
 - Level 1.7 Stealth
 - Level 22.1 Spellcasting
 - Level 17.4 Hexes
 + Level 24.3 Summonings
 - Level 5.0 Air Magic


You had 2 spell levels left.
You knew the following spells:

 Your Spells              Type           Power      Damage    Failure   Level
a - Summon Small Mammal   Summ           100%       N/A       0%          1
b - Call Imp              Summ           95%        N/A       0%          2
c - Call Canine Familiar  Summ           95%        N/A       0%          3
d - Summon Guardian Gole  Hex/Summ       100%       N/A       0%          3
e - Summon Lightning Spi  Summ/Air       75%        N/A       1%          4
f - Summon Forest         Summ/Tloc      34%        N/A       1%          5
g - Summon Cactus Giant   Summ           47%        N/A       0%          6
h - Summon Mana Viper     Hex/Summ       100%       N/A       0%          5
i - Summon Hydra          Summ           47%        N/A       1%          7
j - Monstrous Menagerie   Summ           47%        N/A       1%          7
k - Summon Horrible Thin  Summ           47%        N/A       1%          8
l - Enfeeble              Hex            51%        N/A       1%          7
m - Dragon's Call         Summ           47%        N/A       4%          9

Your spell library contained the following spells:

 Spells                   Type           Power      Damage    Failure   Level
 Slow                     Hex            100%       N/A       0%          1
 Foxfire                  Conj/Fire      100%       2x1d9     1%          1
 Freeze                   Ice            100%       1d10      1%          1
 Kiss of Death            Conj/Necr      100%       2d13      1%          1
 Necrotise                Necr           100%       1d9       1%          1
 Sandblast                Erth           50%        2d12      1%          1
 Sting                    Tmut/Pois      100%       1d8       1%          1
 Blink                    Tloc           50%        N/A       1%          2
 Cigotuvi's Dreadful Rot  Necr/Pois/Air  66%        N/A       1%          2
 Ensorcelled Hibernation  Hex/Ice        100%       N/A       1%          2
 Lesser Beckoning         Tloc           50%        N/A       1%          2
 Momentum Strike          Conj/Tloc      50%        3d9       1%          2
 Passwall                 Tmut/Erth      20%        N/A       1%          2
 Scorch                   Fire           50%        2d8       1%          2
 Static Discharge         Conj/Air       72%        2-5/arc   1%          2
 Wereblood                Tmut           25%        N/A       1%          2
 Confusing Touch          Hex            100%       N/A       0%          3
 Tukima's Dance           Hex            100%       N/A       0%          3
 Cause Fear               Hex            51%        N/A       0%          4
 Dazzling Flash           Conj/Hex       100%       N/A       1%          3
 Kindle Blastsparks       Fire/Tloc/Air  66%        2d15      1%          3
 Vhi's Electric Charge    Tloc/Air       72%        N/A       1%          3
 Anguish                  Hex/Necr       39%        N/A       1%          4
 Animate Armour           Summ/Erth      100%       N/A       1%          4
 Leda's Liquefaction      Hex/Erth       39%        N/A       1%          4
 Summon Ice Beast         Ice/Summ       69%        N/A       1%          4
 Silence                  Hex/Air        43%        N/A       1%          5
 Frozen Ramparts          Ice            50%        1d8       2%          3
 Gell's Gravitas          Tloc           25%        N/A       2%          3
 Hailstorm                Conj/Ice       25%        3d7       2%          3
 Ignite Poison            Fire/Tmut/Pois 25%        N/A       2%          3
 Spider Form              Tmut/Pois      25%        N/A       2%          3
 Stone Arrow              Conj/Erth      50%        3d10      2%          3
 Teleport Other           Tloc           25%        N/A       2%          3
 Vampiric Draining        Necr           25%        2d7       2%          3
 Discord                  Hex            51%        N/A       4%          8
 Haunt                    Necr/Summ      34%        N/A       6%          7
 Malign Gateway           Summ/Tloc      34%        N/A       6%          7
 Animate Dead             Necr           25%        N/A       10%         4
 Dispel Undead            Necr           25%        3d12      10%         4
 Flame Wave               Conj/Fire      25%        2d8       10%         4
 Iskenderun's Mystic Bla  Conj/Tloc      25%        2d7       10%         4
 Passage of Golubria      Tloc           25%        N/A       10%         4
 Petrify                  Tmut/Erth      25%        N/A       10%         4
 Sticky Flame             Conj/Fire      25%        2d5       10%         4
 Arcjolt                  Conj/Air       18%        1d28      10%         5
 Lightning Bolt           Conj/Air       18%        1d32      10%         5
 Freezing Cloud           Conj/Ice/Air   16%        6-21      13%         5
 Blade Hands              Tmut           12%        N/A       26%         5
 Fireball                 Conj/Fire      12%        3d7       26%         5
 Death Channel            Necr           12%        N/A       78%         6
 Dispersal                Tloc           12%        N/A       78%         6
 Eringya's Noxious Bog    Tmut/Pois      12%        N/A       78%         6
 Iron Shot                Conj/Erth      12%        9d3       78%         6
 Simulacrum               Ice/Necr       12%        N/A       78%         6
 Starburst                Conj/Fire      12%        6d5       78%         6
 Statue Form              Tmut/Erth      16%        N/A       78%         6
 Dragon Form              Tmut           12%        N/A       100%        7
 Orb of Destruction       Conj           12%        9d7       100%        7
 Borgnjor's Revivificati  Necr           12%        N/A       100%        8
 Ignition                 Fire           12%        3d6       100%        8
 Infestation              Necr           12%        N/A       100%        8
 Lehudib's Crystal Spear  Conj/Erth      12%        10d4      100%        8
 Necromutation            Tmut/Necr      12%        N/A       100%        8
 Death's Door             Necr           12%        N/A       100%        9
 Polar Vortex             Ice            12%        N/A       100%        9


Dungeon Overview and Level Annotations

Branches:
Dungeon (15/15)            Temple (1/1) D:5            Lair (5/5) D:8
 Shoals (4/4) Lair:2        Snake (4/4) Lair:2        Slime (5/5) Lair:5
    Orc (2/2) D:11            Elf (3/3) Orc:2        Vaults (4/5) D:13
  Crypt (3/3) Vaults:3       Tomb (1/3) Crypt:3      Depths (4/4) D:15
   Hell (visited)             Dis (0/7) Hell            Geh (0/7) Hell
    Coc (0/7) Hell            Tar (0/7) Hell            Zot (5/5) Depths:4
  Sewer (visited)           IceCv (visited)

Altars:
Ashenzari
Cheibriados
Dithmenos
Fedhas
Gozag
Hepliaklqana
Kikubaaqudgha
Makhleb
Nemelex Xobeh
Okawaru
Qazlal
Ru
Sif Muna
Trog
Uskayaw
Vehumet
Wu Jian
Xom
Yredelemnul
Jiyva

Shops:
D:1 (   D:2 [   Orc:1 [   Orc:2 !!:[:   Elf:1 [   Lair:1 [::===:=   Shoals:4 (
Snake:3 =*?::   Vaults:3 (

Portals:
Hell: Depths:1 Depths:2 Depths:3 Depths:4
Abyss: Depths:2 Depths:3
Pandemonium: Depths:1 Depths:2
Ziggurat: Depths:1

Annotations:
D:15 Roxanne
Lair:5 exclusion: obsidian statue
Slime:5 Royal Jelly


Innate Abilities, Weirdness & Mutations

You are completely covered in slimy green scales. (AC +4, rPois)
A meltable icy envelope protects you from harm. (AC +8)
When hurt, damage is shared between your health and your magic reserves.
You regenerate magic rapidly.
When low on magic, you restore magic in place of health.
Your melee attacks may debilitate your foes.
A meltable shield of frost defends you. (SH +4)
Your hexes are more powerful.
You are surrounded by an aura of silence.
Your touch may irresistibly damage your foes and sap their willpower.
You are very agile. (Dex +8, Str/Int -2)
You possess an exceptional clarity of mind.
Armour fits poorly on your strangely shaped body.
You have acidic saliva.
Your body has grown many eyes which may confuse attackers. (Acc +5)
Armour fits poorly on your massive pseudopods.
You are covered in slimy tendrils that may disarm your opponents.
You expend magic power (3 MP) to strengthen your wands.


Message History

The tormentor completely misses you. x2
The tormentor hits you but does no damage.
Casting: Summon Cactus Giant (safe; 0% risk of failure)
Confirm with . or Enter, or press ? or * to list all spells.
The tormentor misses you. x2
You closely miss the tormentor. Your touch misses the tormentor.
You bite the tormentor, but do no damage.
You bludgeon the tormentor.
The tormentor is moderately wounded.
You block the tormentor's attack. The tormentor misses you.
You closely miss the tormentor. Your bludgeon misses the tormentor.
The tormentor is moderately wounded.
The tormentor calls on the powers of darkness!
Your body is wracked with pain!
You shudder from the blast and a jelly pops out!
Your large abomination hits the tormentor!! x2
The tormentor dies!
You swap places.
Magic restored.
Your large abomination disappears in a puff of smoke!
HP restored.
Your large abomination disappears in a puff of smoke!
Done exploring.
(D) Dungeon (T) Temple (L) Lair (A) Shoals (P) Snake Pit (M) Slime Pits (O) Orcish Mines (E) Elven Halls (V) Vaults (C) Crypt (W) Tomb (U) Depths (H) Hell (I) Dis (G) Gehenna (X) Cocytus (Y) Tartarus (Z) Zot
Where to? (Enter - D:1, ? - help)
Okay, then.
Your azure jelly dissolves into a puddle of slime!
A great orb of eyes comes into view.
The great orb of eyes stares at you suspiciously for a moment, then relaxes.
Your large abomination disappears in a puff of smoke!
You hear a series of splatters.
You see here 4 stones.
You hear a distant slurping noise.
You hear a distant slurping noise.
There is a staircase leading out of the dungeon here.
You have escaped!

#................#
#................#
#................#
'....########.####
#...## #.# #...#
#.# #...# #.######
#...# #.##...####
#...# #.##@#.#..#
#...# #.####J##.#
#...# #....(....#
#...# ##.....##'#
#...# ##.......#
#...# ####.##.#
##### #(#.#..#
#...#### #####


There were no monsters in sight!

Vanquished Creatures
  2 curse toes
  4 golden dragons
  A doom hound (Zot:4)
  2 bone dragons
  2 tentacled monstrosities
  A lich (Depths:2)
  An Orb Guardian (Zot:5)
  A quicksilver dragon (Zot:4)
  2 deep elf blademasters
  A titan (Depths:4)
  Grunn (Zot:4)
  A deep elf master archer (Elf:3)
  2 ancient champions
  2 acid blobs
  2 sphinxes
  2 shadow dragons
  2 storm dragons
  2 draconian monks
  A nagaraja (Snake:4)
  A revenant (Crypt:3)
  2 rockslimes (Slime:2)
  3 azure jellies
  A frost giant (Depths:2)
  5 vault wardens
  3 curse skulls
  A deep elf sorcerer (Elf:2)
  The ghost of Newt the Blocker, a journeyman DsGl of Gozag (Lair:5)
  A ghost moth (Zot:1)
  2 ironbound preservers (Vaults:3)
  A ghoul (Crypt:3)
  3 ironbound thunderhulks
  2 quicksilver oozes (Slime:4)
  4 very ugly things
  A stone giant (Vaults:4)
  2 deep elf demonologists (Elf:3)
  A vampire knight (Depths:4)
  2 green draconians (Zot:3)
  2 black draconians
  8 dire elephants
  4 purple draconians
  4 red draconians
  4 spark wasps
  An eidolon (Crypt:3)
  3 yellow draconians
  7 ettins
  A white draconian (Depths:4)
  2 deep elf death magi
  3 mummy priests (Crypt:3)
  3 jiangshi
  2 fire dragons (Depths:4)
  9 yaktaur captains
  An entropy weaver (Vaults:3)
  2 merfolk impalers
  A deep elf high priest (Elf:3)
  3 great orbs of eyes (Vaults:3)
  A salamander tyrant (Snake:4)
  3 vault guards (Vaults:3)
  4 ice dragons
  A caustic shrike simulacrum (IceCv)
  A hell beast (Hell)
  A peacekeeper (Vaults:2)
  A merfolk avatar (Shoals:4)
  4 centaur warriors
  A boulder beetle (Lair:1)
  3 ironbound frosthearts
  3 naga warriors
  2 anacondas
  5 death yaks
  A tengu warrior (Depths:2)
  A deep troll shaman (Depths:2)
  An orc high priest (Orc:2)
  A hell hog (Hell)
  5 dancing weapons
  A vampire mage (Vaults:3)
  3 deep elf knights
  3 shock serpents
  2 spriggan berserkers
  A sun demon (Hell)
  2 skeletal warriors
  2 salamander mystics
  A titan skeleton (Hell)
  4 sea snakes
  15 deep trolls
  A deep elf archer (Elf:2)
  3 orange crystal statues (Hell)
  A shadow demon (Depths:1)
  2 lindwurms
  An obsidian statue (IceCv)
  3 wizards
  A harpy (Shoals:4)
  5 ironbound convokers
  4 orc knights
  Pikel (D:6)
  A mana viper (Snake:3)
  4 necromancers
  2 phantasmal warriors
  9 deep elf pyromancers
  7 deep elf zephyrmancers
  14 ugly things
  3 shining eyes
  2 orc sorcerers (Orc:2)
  6 moths of wrath
  3 salamanders (Snake:3)
  3 manticores
  6 apocalypse crabs (Zot:1)
  5 black mambas
  A merfolk siren (Shoals:4)
  A faun (Shoals:3)
  6 vault sentinels
  A water nymph (Shoals:1)
  A naga mage (Snake:2)
  4 guardian serpents
  2 eyes of devastation (Slime:2)
  2 smoke demons
  A hellion (Depths:3)
  24 yaktaurs
  An ice devil (Hell)
  A rime drake (Lair:4)
  3 freezing wraiths
  7 komodo dragons
  A purple draconian skeleton (Crypt:2)
  2 guardian mummies (Tomb:1)
  A meliai (D:12)
  A troll (Orc:2)
  A harpy zombie (Crypt:3)
  3 merfolk (Shoals:3)
  2 polar bears
  6 blink frogs
  A radroach zombie (Crypt:1)
  A moth of wrath zombie (Crypt:1)
  A hydra skeleton (Crypt:2)
  4 dream sheep (Lair:5)
  37 slime creatures
  2 centaur simulacra (D:15)
  3 air elementals
  A spriggan (Lair:3)
  A fire elemental (Elf:3)
  An elf skeleton (Vaults:4)
  4 water elementals
  2 wraiths
  22 yaks
  7 golden eyes
  2 basilisks
  4 vampire mosquitoes
  A hog (Lair:4)
  A steam dragon (Lair:2)
  A redback (shapeshifter) (D:13)
  2 wargs (Orc:1)
  A yaktaur simulacrum (Vaults:4)
  7 water moccasins
  10 nagas
  Pargi (Sewer)
  An acid dragon (D:12)
  A human skeleton (Vaults:4)
  A fire bat skeleton (Crypt:1)
  6 orc warriors
  A black bear (Lair:3)
  7 wolves
  3 ogres
  2 boggarts
  6 centaurs
  A lindwurm skeleton (Crypt:3)
  2 elf zombies
  2 bullfrogs
  An earth elemental (Elf:3)
  2 scorpions (D:5)
  4 killer bees
  12 nameless horrors
  An electric eel (D:12)
  A gnoll bouda (Orc:1)
  10 orc priests
  A hound (D:4)
  2 jellies
  6 orc wizards
  An ogre zombie (Crypt:2)
  A boggart simulacrum (D:15)
  4 gnolls
  2 adders (D:2)
  A white imp (D:6)
  15 orcs
  A giant cockroach (D:3)
  2 hobgoblins
  3 kobolds
  A kobold skeleton (Crypt:1)
  A rat (D:1)
582 creatures vanquished.

Vanquished Creatures (collateral kills)
  Dissolution (Slime:5)
  Tiamat (Zot:4)
  2 dread liches (Zot:5)
  4 ancient liches (Zot:5)
  5 orbs of fire
  Mara (Shoals:3)
  3 pandemonium lords (Depths:1)
  A juggernaut (Depths:2)
  3 royal mummies (Tomb:1)
  Josephina (Zot:2)
  7 curse toes
  4 Killer Klowns
  8 caustic shrikes
  4 golden dragons
  Geryon (Hell)
  A profane servitor (Crypt:3)
  2 doom hounds (Zot:4)
  A bone dragon (Crypt:3)
  3 Tzitzimimeh
  A Brimstone Fiend (Depths:1)
  2 electric golems (Zot:5)
  8 tentacled monstrosities
  Asterion (D:13)
  9 liches
  26 Orb Guardians
  A walking earthen tome (Depths:2)
  2 quicksilver dragons (Zot:5)
  2 titans (Depths:2)
  4 deep elf blademasters
  A deep elf master archer (Elf:3)
  7 death cobs
  Agnes (Snake:1)
  10 acid blobs
  10 sphinxes
  9 ancient champions
  Kirke (Lair:4)
  6 shadow dragons
  6 storm dragons
  4 tengu reavers
  7 azure jellies
  8 rockslimes
  A revenant (Crypt:1)
  A draconian knight (Depths:4)
  7 vault wardens
  6 nagarajas
  6 fire giants
  2 iron dragons
  4 deep elf elementalists
  3 frost giants
  2 draconian scorchers
  5 deep elf sorcerers
  A balrug (Hell)
  3 curse skulls
  4 ghouls
  6 ironbound preservers
  5 draconian shifters
  Aizul (Depths:1)
  2 quicksilver oozes
  2 orc warlords
  8 reapers
  A spriggan defender (Depths:2)
  The ghost of Appeb the Black Belt, a journeyman DgDe (D:13)
  4 draconian annihilators
  A demonspawn blood saint (Depths:1)
  2 very ugly things
  4 ironbound thunderhulks
  5 draconian stormcallers
  7 stone giants
  4 vampire knights
  9 purple draconians
  A demonspawn black sun (Depths:1)
  8 black draconians
  3 deep elf demonologists
  7 red draconians
  2 bennus (Tomb:1)
  14 green draconians
  Azrael (D:13)
  6 yellow draconians
  2 deep elf annihilators (Elf:3)
  2 blizzard demons
  10 white draconians
  11 spark wasps
  3 eidola
  4 dire elephants
  5 deep elf death magi
  8 mummy priests (Tomb:1)
  8 merfolk impalers
  2 fire dragons
  2 crystal guardians
  8 jiangshi
  3 merfolk javelineers
  A yaktaur captain (Vaults:4)
  7 ettins
  2 great orbs of eyes
  3 deep elf high priests (Elf:3)
  7 ice dragons
  A hell beast (D:13)
  A rakshasa (Depths:1)
  A quicksilver dragon skeleton (Crypt:3)
  A spriggan zombie (Hell)
  5 salamander tyrants (Snake:4)
  5 spriggan air magi
  6 ironbound frosthearts
  2 caustic shrike simulacra (IceCv)
  A vault guard (Vaults:3)
  A catoblepas (D:13)
  2 merfolk avatars (Shoals:4)
  3 anacondas
  4 centaur warriors
  3 alligator snapping turtles
  3 merfolk aquamancers
  6 deep troll shamans
  3 boulder beetles
  3 satyrs
  9 death scarabs (Tomb:1)
  A death knight (Crypt:3)
  5 two-headed ogres
  20 dancing weapons
  3 tengu warriors
  4 vampire magi
  4 death yaks
  A deep troll earth mage (Depths:2)
  2 orc high priests
  9 naga sharpshooters
  9 naga warriors
  A storm dragon zombie (Crypt:1)
  4 spriggan berserkers
  13 deep elf knights
  15 hell knights
  Sonja (Orc:2)
  4 soul eaters (Hell)
  3 crystal echidnas
  A spectral death yak (Lair:5)
  7 sun demons
  3 sixfirhies
  25 skeletal warriors
  2 salamander mystics
  4 iron trolls
  A glowing orange brain (Vaults:2)
  3 flayed ghosts
  9 sea snakes
  28 deep trolls
  2 naga ritualists (Snake:4)
  An orange crystal statue (Tomb:1)
  5 lindwurms
  A shadow demon (Depths:1)
  An obsidian statue (IceCv)
  4 bog bodies
  5 deep elf archers
  8 ironbound convokers
  6 orc knights
  3 wizards
  10 deep elf pyromancers
  2 spriggan simulacra
  4 phantasmal warriors
  12 deep elf zephyrmancers (Elf:2)
  The ghost of lunkers the Carver, a novice MeFi of Uskayaw (D:5)
  16 harpies
  10 necromancers
  7 mana vipers
  A frost giant zombie (Depths:1)
  An iron dragon zombie (Hell)
  4 shining eyes
  6 salamanders
  A sphinx skeleton (Depths:1)
  12 ugly things
  12 manticores
  A stone giant zombie (Crypt:1)
  9 fauns
  A goliath frog skeleton (Crypt:3)
  4 cyclopes
  17 moths of wrath
  3 apocalypse crabs (Zot:1)
  Maurice (D:9)
  A dire elephant zombie (Crypt:3)
  A rust devil (Depths:1)
  2 elephants (Lair:5)
  40 slime creatures
  3 guardian serpents (Snake:4)
  6 merfolk sirens
  18 black mambas
  3 water nymphs
  8 naga magi
  7 molten gargoyles (Hell)
  6 eyes of devastation
  8 vault sentinels
  4 smoke demons
  4 cane toads
  A storm dragon simulacrum (Zot:2)
  2 orange demons
  2 naga skeletons
  21 yaktaurs
  A hellion (Hell)
  A catoblepas zombie (Crypt:1)
  4 tormentors
  2 dire elephant skeletons (Hell)
  2 rime drakes
  A human zombie (Vaults:4)
  A spark wasp simulacrum (Depths:1)
  3 efreet
  Psyche (D:10)
  7 komodo dragons
  A sea snake zombie (Hell)
  A yaktaur (shapeshifter) (Elf:1)
  2 anaconda simulacra
  10 ice devils
  17 guardian mummies
  A death yak skeleton (Crypt:3)
  3 red devils
  3 hydra zombies (Hell)
  A mana viper zombie (Crypt:2)
  A sea snake skeleton (Hell)
  2 tengu conjurers
  5 freezing wraiths
  4 polar bears
  3 trolls
  A harpy zombie (Crypt:3)
  13 merfolk
  An iron giant simulacrum (Hell)
  A meliai (D:12)
  A queen bee (D:12)
  4 hellwings
  13 blink frogs
  9 wind drakes
  2 hornets
  2 harpy skeletons
  A shadow dragon simulacrum (Zot:2)
  An ice dragon zombie (Crypt:2)
  A human skeleton (Vaults:4)
  6 snapping turtles
  2 dream sheep (Lair:5)
  3 centaur simulacra
  A spriggan (Depths:4)
  3 flying skulls (Tomb:1)
  A vampire (D:14)
  2 air elementals
  A black mamba zombie (Crypt:3)
  A fire dragon skeleton (Crypt:3)
  A wind drake zombie (Crypt:3)
  18 water elementals
  4 wyverns
  8 wraiths
  A black mamba skeleton (Tomb:1)
  39 yaks
  A hog (Lair:4)
  2 dire elephant simulacra
  3 basilisks
  4 fire elementals
  A human (D:10)
  9 golden eyes
  A steam dragon (D:10)
  A human (shapeshifter) (Elf:2)
  2 ushabtiu
  5 vampire mosquitoes
  A chaos spawn (Depths:1)
  A redback (Vaults:3)
  A death yak simulacrum (Lair:5)
  An acid dragon (D:10)
  2 hell hounds (D:13)
  34 nagas
  3 wargs
  A harpy simulacrum (Crypt:2)
  5 hydra simulacra
  2 floating eyes
  11 water moccasins
  2 moth of wrath simulacra (Zot:2)
  A deep troll skeleton (Crypt:1)
  4 nameless horrors
  12 orc warriors
  2 ettin simulacra (IceCv)
  A black bear (D:7)
  3 ogres
  4 boggarts
  An elephant zombie (Lair:5)
  8 wolves
  An alligator simulacrum (Hell)
  A lindwurm skeleton (Crypt:2)
  2 elephant skeletons (Lair:5)
  9 centaurs
  7 bullfrogs
  An elf zombie (Elf:1)
  A gnoll sergeant (D:9)
  4 necrophages
  2 scorpions
  2 water moccasin zombies
  5 wights
  19 killer bees
  3 elephant simulacra (Lair:5)
  2 spriggan skeletons
  2 electric eels (D:11)
  3 howler monkeys
  3 quasits (D:5)
  A hound (D:6)
  2 jellies
  21 orc priests
  2 iguanas
  3 hell rats
  20 orc wizards
  A killer bee zombie (Crypt:1)
  11 mummies (Tomb:1)
  16 gnolls
  8 adders
  A river rat (D:3)
  A shadow imp (D:7)
  10 white imps
  An ufetubus (D:15)
  A worm (D:2)
  A dart slug (D:4)
  68 orcs
  14 ball pythons
  4 bats
  4 endoplasms
  2 giant cockroaches (D:3)
  11 goblins
  6 hobgoblins
  2 jackals (D:4)
  11 kobolds
  8 quokkas
  A dart slug zombie (Crypt:2)
  4 frilled lizards
  A goblin skeleton (D:10)
  A jackal zombie (Crypt:2)
  6 rats
  A butterfly (Lair:2)
  4 tentacles (Shoals:4)
1628 creatures vanquished.

Vanquished Creatures (others)
  An Orb Guardian (Zot:5)
  A lich (Zot:1)
  A deep elf blademaster (Elf:3)
  A deep elf master archer (Elf:3)
  A quicksilver dragon (Depths:2)
  A kraken (Shoals:4)
  2 nagarajas
  A deep elf sorcerer (Elf:3)
  An iron dragon (Zot:1)
  A deep elf elementalist (Elf:3)
  2 ironbound preservers
  The ghost of Newt the Skirmisher, a journeyman DsGl of Okawaru (Orc:2)
  A green draconian (Zot:4)
  Nessos (D:12)
  A black draconian (Zot:4)
  2 minotaurs (D:11)
  4 dire elephants
  The ghost of browni3141 the Grappler, a journeyman TrBe of Trog (Orc:2)
  Snorg (Lair:4)
  A deep elf high priest (Vaults:2)
  A yaktaur captain (Vaults:1)
  A quicksilver dragon zombie (Crypt:3)
  An ice dragon (Depths:2)
  A vault guard (Vaults:2)
  Fannar (D:10)
  A hydra (Lair:5)
  2 glowing orange brains
  A hell beast (Hell)
  Erolcha (D:9)
  2 two-headed ogres
  A boulder beetle (D:12)
  An alligator snapping turtle (Shoals:4)
  An anaconda (Snake:2)
  An ironbound frostheart (Vaults:3)
  A merfolk aquamancer (Shoals:2)
  2 death yaks
  2 centaur warriors (D:13)
  4 naga warriors
  An Orb Guardian skeleton (Crypt:2)
  An orc high priest (Orc:2)
  A naga sharpshooter (Snake:3)
  A spectral dire elephant (Lair:5)
  5 shock serpents
  An iron troll (Depths:2)
  2 skeletal warriors
  5 deep trolls
  A spectral anaconda (Lair:5)
  A flayed ghost (Depths:2)
  A deep elf archer (Elf:2)
  2 naga ritualists (Snake:3)
  An ironbound convoker (Vaults:2)
  2 harpies (Shoals:4)
  A lindwurm (Lair:3)
  3 orc knights
  A deep elf zephyrmancer (Elf:3)
  A deep elf pyromancer (Elf:2)
  A faun (Shoals:3)
  An orc sorcerer (Orc:2)
  A manticore (Shoals:1)
  7 ugly things
  3 elephants (Lair:5)
  A dire elephant zombie (Lair:5)
  4 naga magi
  5 guardian serpents
  4 black mambas
  A vault sentinel (Vaults:2)
  An orange demon (Zot:1)
  A torpor snail (Lair:4)
  A cane toad (Lair:5)
  2 freezing wraiths
  6 yaktaurs
  A komodo dragon (D:10)
  2 merfolk
  A meliai (D:12)
  A wolf spider simulacrum (D:15)
  2 trolls
  A wind drake (Lair:2)
  A merfolk zombie (Crypt:2)
  A snapping turtle (Shoals:4)
  2 spectral elephants (Lair:5)
  2 centaur simulacra (D:15)
  3 slime creatures
  A dire elephant simulacrum (IceCv)
  A wraith (D:12)
  30 yaks
  4 water elementals
  4 hogs (Lair:4)
  A wyvern (D:5)
  A vampire (D:11)
  A golden eye (Slime:3)
  A fire elemental (D:13)
  A redback (shapeshifter) (D:15)
  3 vampire mosquitoes
  3 floating eyes
  A chaos spawn (Depths:2)
  11 nagas
  A warg (D:13)
  A hydra simulacrum (IceCv)
  11 orc warriors
  A black bear (D:6)
  A boggart (Vaults:1)
  An ogre (D:13)
  2 wolves
  2 lemures (D:6)
  A centaur (D:9)
  A bullfrog (Lair:2)
  2 necrophages
  4 killer bees
  2 wights (D:8)
  150 jellies
  An electric eel (D:11)
  An orc priest (Orc:2)
  An iguana (D:7)
  3 orc wizards
  2 hell rats (Lair:1)
  A mummy (Tomb:1)
  2 adders
  5 gnolls
  A river rat (shapeshifter) (Depths:2)
  4 orcs
  A ball lightning (Zot:1)
  49 fungi
  161 plants
  52 snaplasher vines
  13 tentacles (Shoals:4)
  28 withered plants (Lair:5)
706 creatures vanquished.

Grand Total: 2916 creatures vanquished

Notes
Turn   | Place    | Note
-------+----------+-------------------------------------------
     0 | D:1      | cforsyth the Demonspawn Summoner began the quest for the
                  | Orb.
     0 | D:1      | Reached XP level 1. HP: 13/13 MP: 3/3
   286 | D:1      | Gained mutation: You are partially covered in slimy green
                  | scales. (AC +2) [demonic ancestry]
   286 | D:1      | Reached XP level 2. HP: 19/19 MP: 3/5
   452 | D:1      | Learned a level 2 spell: Call Imp
   893 | D:1      | Found Ficaw's Weapon Shoppe.
  1173 | D:1      | Gained mutation: Your touch may inflict minor irresistible
                  | damage on your foes. [demonic ancestry]
  1173 | D:1      | Reached XP level 3. HP: 24/24 MP: 4/7
  1317 | D:2      | Learned a level 3 spell: Call Canine Familiar
  1371 | D:2      | Found a faded altar of an unknown god.
  1409 | D:2      | Got Plato's Excursus on Spellbinding
  1605 | D:2      | Found Hes Rapp's Antique Armour Emporium.
  1743 | D:2      | Gained mutation: You are mostly covered in slimy green
                  | scales. (AC +3) [demonic ancestry]
  1743 | D:2      | Reached XP level 4. HP: 28/30 MP: 4/8
  2094 | D:2      | Reached skill level 5 in Summonings
  2551 | D:3      | Found a shadowy altar of Dithmenos.
  2692 | D:3      | Found a glowing drain.
  2696 | Sewer    | Entered a sewer
  2843 | Sewer    | Noticed Pargi
  2899 | Sewer    | Killed Pargi
  2900 | Sewer    | Gained mutation: You are completely covered in slimy green
                  | scales. (AC +4, rPois) [demonic ancestry]
  2900 | Sewer    | Reached XP level 5. HP: 4/35 MP: 2/11
  3688 | D:3      | Gained mutation: Your touch may inflict irresistible damage
                  | on your foes. [demonic ancestry]
  3688 | D:3      | Reached XP level 6. HP: 34/41 MP: 12/12
  3839 | D:4      | Reached skill level 6 in Summonings
  4030 | D:4      | Learned a level 3 spell: Summon Guardian Golem
  4035 | D:4      | Learned a level 4 spell: Summon Lightning Spire
  4125 | D:4      | Reached skill level 1 in Hexes
  4125 | D:4      | Reached skill level 1 in Air Magic
  4140 | D:4      | Gained mutation: A meltable shield of frost defends you.
                  | (SH +4) [demonic ancestry]
  4140 | D:4      | Reached XP level 7. HP: 46/46 MP: 14/14
  4301 | D:4      | Reached skill level 5 in Spellcasting
  4899 | D:5      | Entered Level 5 of the Dungeon
  5185 | D:5      | Noticed a wyvern
  5193 | D:5      | Killed a wyvern
  5595 | D:5      | Found a staircase to the Ecumenical Temple.
  5691 | D:5      | Reached skill level 7 in Summonings
  5789 | D:5      | Gained mutation: You regenerate magic rapidly. [demonic
                  | ancestry]
  5789 | D:5      | Reached XP level 8. HP: 52/52 MP: 12/16
  5837 | D:5      | Found a transporter.
  5921 | D:5      | Found a transporter.
  5926 | D:5      | Noticed lunkers's ghost (novice MeFi)
  6724 | D:6      | Noticed Pikel
  6752 | D:6      | Killed Pikel
  6964 | D:6      | Reached XP level 9. HP: 57/57 MP: 15/18
  7160 | D:6      | Found an iron altar of Okawaru.
  7360 | D:7      | Reached skill level 8 in Summonings
  7421 | D:7      | Found a bloodstained altar of Trog.
  7501 | D:7      | Reached skill level 5 in Hexes
  7648 | Temple   | Entered the Ecumenical Temple
  7673 | Temple   | Became a worshipper of Gozag Ym Sagoz the Greedy
  8477 | D:7      | Found a shimmering blue altar of Sif Muna.
  8585 | D:7      | Found a broken altar of Ashenzari.
  8668 | D:7      | Reached skill level 5 in Air Magic
  8960 | D:8      | Noticed a death yak
  8960 | D:8      | Noticed a death yak
  8960 | D:8      | Noticed a death yak
  8981 | D:8      | Killed a death yak
  8982 | D:8      | Reached skill level 9 in Summonings
  8983 | D:8      | Killed a death yak
  8984 | D:8      | Gained mutation: Your touch may irresistibly damage your
                  | foes and sap their willpower. [demonic ancestry]
  8984 | D:8      | Reached XP level 10. HP: 63/63 MP: 14/22
  9006 | D:8      | Killed a death yak
  9007 | D:8      | Reached skill level 10 in Summonings
  9538 | D:2      | Bought a distressingly furry helmet for 285 gold pieces
  9538 | D:2      | Identified the +2 helmet of Focus {Will+ Stlth+} (You
                  | bought it in a shop on level 2 of the Dungeon)
 10200 | D:8      | Noticed an orc knight
 10255 | D:8      | Noticed a two-headed ogre
 10265 | D:8      | Killed a two-headed ogre
 10266 | D:8      | Reached skill level 11 in Summonings
 10389 | D:8      | Found a staircase to the Lair.
 10592 | D:8      | Found a transporter.
 10599 | D:8      | Found a transporter.
 10752 | D:9      | Reached skill level 10 in Spellcasting
 10907 | D:9      | Gained mutation: A meltable icy envelope protects you from
                  | harm. (AC +8) [demonic ancestry]
 10907 | D:9      | Reached XP level 11. HP: 64/68 MP: 18/25
 11061 | D:9      | Found an ancient bone altar of Kikubaaqudgha.
 11331 | D:9      | Noticed a +0 dagger
 11331 | D:9      | Noticed a +0 hand axe
 11340 | D:9      | Found a hide-covered altar of Uskayaw.
 11736 | D:9      | Noticed Erolcha
 11745 | D:9      | Noticed Maurice
 11752 | D:9      | Killed Erolcha
 11753 | D:9      | Reached skill level 12 in Summonings
 11785 | D:9      | Killed Maurice
 12280 | D:10     | Entered Level 10 of the Dungeon
 12313 | D:10     | Noticed Psyche
 12325 | D:10     | Killed Psyche
 12551 | D:10     | Noticed a two-headed ogre
 12562 | D:10     | Killed a two-headed ogre
 12671 | D:10     | Noticed Fannar
 12976 | D:10     | Killed Fannar
 13295 | D:10     | Found a runed translucent door.
 13297 | D:10     | Found a basalt altar of Yredelemnul.
 13456 | D:10     | Found a faded altar of an unknown god.
 13641 | D:11     | Noticed a two-headed ogre
 13648 | D:11     | Killed a two-headed ogre
 13649 | D:11     | Reached skill level 13 in Summonings
 13684 | D:11     | Noticed a two-headed ogre
 13691 | D:11     | Killed a two-headed ogre
 13958 | D:11     | Found a staircase to the Orcish Mines.
 14154 | D:11     | Gained mutation: Your hexes are more powerful. [demonic
                  | ancestry]
 14154 | D:11     | Reached XP level 12. HP: 60/74 MP: 21/28
 15627 | D:11     | Identified the +9 war axe of Dullness {speed, rElec Stlth+}
 15649 | D:11     | Reached skill level 14 in Summonings
 15783 | D:11     | Identified the +1 leather armour of the Evil One {Stlth+}
 15813 | D:11     | Noticed a minotaur
 15839 | D:11     | Killed a minotaur
 15840 | D:11     | Reached skill level 1 in Fighting
 15970 | D:11     | Noticed a minotaur
 16156 | D:11     | Killed a minotaur
 16257 | D:11     | Noticed a death yak
 16257 | D:11     | Noticed a death yak
 16259 | D:11     | Noticed a death yak
 16274 | D:11     | Killed a death yak
 16278 | D:11     | Killed a death yak
 16294 | D:11     | Noticed a death yak
 16302 | D:11     | Killed a death yak
 16310 | D:11     | Killed a death yak
 16311 | D:11     | Reached skill level 5 in Fighting
 16311 | D:11     | Reached skill level 5 in Dodging
 16598 | D:12     | You fall into a shaft and drop 1 floor!
 16654 | D:12     | Noticed a boulder beetle
 16713 | D:12     | Killed a boulder beetle
 16988 | D:12     | Noticed Nessos
 16996 | D:12     | Killed Nessos
 17337 | D:12     | Reached XP level 13. HP: 93/93 MP: 22/29
 19195 | D:13     | Found a gate to the Vaults.
 19303 | D:13     | Noticed Azrael
 19692 | D:13     | Found a runed translucent gate.
 19693 | D:13     | Found a runed translucent gate.
 19694 | D:13     | Found a runed translucent gate.
 19695 | D:13     | Noticed Appeb's ghost (journeyman DgDe)
 19695 | D:13     | Identified the +1 chain mail of Somewhere Else {MP+9 Dex+5}
 19810 | D:13     | Noticed an ironbound preserver
 19825 | D:13     | Killed an ironbound preserver
 20135 | D:13     | Killed Azrael
 20631 | D:13     | Identified the +1 scale mail of the Forest {rC+}
 20673 | D:13     | Killed Appeb's ghost
 21053 | D:5      | Killed lunkers's ghost
 22237 | Lair:1   | Entered Level 1 of the Lair of Beasts
 22399 | Lair:1   | Reached skill level 10 in Fighting
 22407 | Lair:1   | Gained mutation: When hurt, damage is shared between your
                  | health and your magic reserves. [demonic ancestry]
 22407 | Lair:1   | Reached XP level 14. HP: 100/110 MP: 27/30
 23067 | Lair:1   | Reached skill level 10 in Dodging
 23573 | Lair:2   | Found a staircase to the Shoals.
 23935 | Lair:2   | Found a staircase to the Snake Pit.
 25238 | Lair:3   | Identified the +1 ring mail of Okawaru's Wrath {Str+3}
 26256 | Lair:4   | You fall into a shaft and drop 1 floor!
 26256 | Lair:5   | Entered Level 5 of the Lair of Beasts
 26325 | Lair:5   | Found a staircase to the Slime Pits.
 26419 | Lair:4   | Noticed Snorg
 26451 | Lair:4   | Killed Snorg
 26887 | Lair:4   | Noticed Kirke
 26896 | Lair:4   | Killed Kirke
 28040 | Lair:5   | Reached XP level 15. HP: 122/122 MP: 26/31
 28415 | Lair:5   | Found a runed translucent door.
 28424 | Lair:5   | Noticed Newt's ghost (journeyman DsGl)
 29570 | Lair:5   | Killed Newt's ghost
 29927 | Orc:1    | Entered Level 1 of the Orcish Mines
 29927 | Orc:1    | Found Yprios's Armour Shoppe.
 30557 | Orc:2    | Entered Level 2 of the Orcish Mines
 30739 | Orc:2    | Noticed Sonja
 30748 | Orc:2    | Killed Sonja
 30823 | Orc:2    | Found Hacia's Vocational Training.
 31569 | Orc:2    | Found Ekhuluad's Distillery.
 31569 | Orc:2    | Found Hof Voim's Distillery.
 31571 | Orc:2    | Found Iniasif's Antique Armour Boutique.
 31571 | Orc:2    | Found Dur Gis's Book Shoppe.
 31579 | Orc:2    | Bought a transparent cloak for 361 gold pieces
 31579 | Orc:2    | Identified the +0 cloak "Icuymeu" {rC++ Str+3 Slay-2} (You
                  | bought it in a shop on level 2 of the Orcish Mines)
 31697 | Orc:2    | Found a staircase to the Elven Halls.
 31873 | Orc:2    | Found a runed translucent gate.
 31873 | Orc:2    | Found a runed translucent gate.
 31874 | Orc:2    | Found a runed translucent gate.
 31911 | Orc:2    | Noticed browni3141's ghost (journeyman TrBe)
 31911 | Orc:2    | Noticed Newt's ghost (journeyman DsGl)
 32016 | Orc:2    | Killed Newt's ghost
 32018 | Orc:2    | Killed browni3141's ghost
 33213 | D:14     | Found a portal to a secret trove of treasure.
 33706 | D:14     | Found a sparkling altar of Nemelex Xobeh.
 33972 | D:15     | Entered Level 15 of the Dungeon
 33994 | D:15     | Reached skill level 15 in Fighting
 34579 | D:14     | Reached XP level 16. HP: 132/136 MP: 24/32
 35432 | D:15     | Found a staircase to the Depths.
 36264 | D:15     | Noticed Roxanne
 37377 | Snake:1  | Entered Level 1 of the Snake Pit
 38616 | Snake:1  | Noticed Agnes
 38925 | Snake:1  | Killed Agnes
 38930 | Snake:1  | Reached skill level 15 in Dodging
 39636 | Snake:1  | Found an opulent altar of Gozag.
 42653 | Snake:3  | Found Ujovet's Magic Scroll Shoppe.
 42693 | Snake:3  | Found Luiqozint's Assorted Antiques.
 43887 | Snake:3  | Found Qynaogh's Jewellery Emporium.
 44000 | Snake:3  | Found Qyutaif's Book Boutique.
 44067 | Snake:3  | Gained mutation: A meltable icy envelope protects you from
                  | harm. (AC +8) [demonic ancestry]
 44067 | Snake:3  | Reached XP level 17. HP: 127/147 MP: 20/33
 44164 | Snake:3  | Found Iplush's Book Emporium.
 44319 | Snake:4  | Entered Level 4 of the Snake Pit
 45519 | Snake:3  | Bought a Fen Folio for 672 gold pieces
 45525 | Snake:3  | Learned a level 5 spell: Summon Forest
 45533 | Snake:3  | Learned a level 7 spell: Summon Hydra
 48495 | Snake:4  | Found an opulent altar of Gozag.
 48788 | Snake:4  | Got a serpentine rune of Zot
 49098 | Shoals:1 | Entered Level 1 of the Shoals
 50636 | Shoals:2 | Learned a level 5 spell: Summon Mana Viper
 50643 | Shoals:2 | Learned a level 6 spell: Summon Cactus Giant
 51373 | Shoals:3 | Noticed Mara
 51697 | Shoals:3 | Noticed cforsyth's illusion
 52075 | Shoals:3 | Gained mutation: Your melee attacks may debilitate your
                  | foes. [demonic ancestry]
 52075 | Shoals:3 | Reached XP level 18. HP: 138/157 MP: 15/34
 52094 | Shoals:3 | Identified the +0 leather armour "Weweuc" {Regen+}
 52268 | Shoals:3 | Noticed cforsyth's illusion
 52973 | Shoals:3 | Noticed cforsyth's illusion
 52978 | Shoals:3 | Killed Mara
 53536 | Shoals:4 | Entered Level 4 of the Shoals
 53617 | Shoals:4 | Found a frozen archway.
 53672 | IceCv    | Entered an ice cave
 56118 | Shoals:4 | Found the +7 lajatang of Order {silver, rMut}
 56465 | Shoals:4 | Found Jepriez's Antique Weapon Shoppe.
 57998 | Shoals:4 | Got a barnacled rune of Zot
 58154 | Lair:1   | Bought a pair of embroidered boots for 210 gold pieces
 58162 | Lair:1   | Bought the +4 moon troll leather armour {Spirit, Regen++
                  | MP+5} for 1526 gold pieces
 58162 | Lair:1   | Found the +4 moon troll leather armour {Spirit, Regen++
                  | MP+5}
 58400 | Vaults:1 | Entered Level 1 of the Vaults
 58675 | Vaults:1 | Noticed Asterion
 59046 | D:13     | Killed Asterion
 60694 | Vaults:1 | Reached XP level 19. HP: 170/170 MP: 28/35
 64790 | Vaults:3 | You fall into a shaft and drop 1 floor!
 65774 | Vaults:3 | Reached XP level 20. HP: 182/182 MP: 23/36
 65815 | Vaults:3 | Found Aquhi's Weapon Boutique.
 65836 | Vaults:3 | Found a staircase to the Crypt.
 67384 | Vaults:4 | Identified the ring "Ylesaucs" {rC+ rN++}
 68078 | Elf:1    | Entered Level 1 of the Elven Halls
 68089 | Elf:1    | Paralysed by an air elemental for 1 turns
 69088 | Elf:1    | Found Tefacauc's Antique Armour Boutique.
 69129 | Elf:1    | Bought a masterwork leather armour for 189 gold pieces
 69129 | Elf:1    | Identified the +2 leather armour "Woobat" {Will+} (You
                  | bought it in a shop on level 1 of the Elven Halls)
 69479 | Elf:1    | Found a shimmering blue altar of Sif Muna.
 69604 | Elf:1    | Got Xudu's Discursus on Maleficent Arts
 70314 | Elf:2    | Identified the +7 mace "Uhoraniutu" {protect, Drain rElec
                  | rF+ rC+++}
 70458 | Elf:2    | Found a runed translucent gate.
 70458 | Elf:2    | Found a runed translucent gate.
 70459 | Elf:2    | Found a runed translucent gate.
 70557 | Elf:2    | Reached skill level 15 in Summonings
 71337 | Elf:3    | Entered Level 3 of the Elven Halls
 71422 | Elf:3    | Gained mutation: When low on magic, you restore magic in
                  | place of health. [demonic ancestry]
 71422 | Elf:3    | Reached XP level 21. HP: 96/190 MP: 3/39
 72218 | Abyss:2  | Found a transporter.
 72218 | Abyss:2  | Cast into level 2 of the Abyss (a deep elf demonologist)
 72233 | Abyss:2  | Found a corrupted altar of Lugonu.
 72249 | Abyss:2  | Found a corrupted altar of Lugonu.
 72271 | Abyss:2  | Found a corrupted altar of Lugonu.
 72276 | Elf:3    | Escaped the Abyss
 72485 | Elf:3    | Identified the +7 chain mail of Freedom {rElec rN+ Stlth+}
 73017 | Elf:3    | Reached skill level 16 in Summonings
 73316 | Elf:3    | Identified the +0 glaive "Pigheeny" {heavy, Int+2 Stlth+}
 73453 | Elf:3    | Identified the +7 falchion of Deformation {heavy, Str+2
                  | Stlth+}
 73676 | Elf:3    | Identified the ring "Ebei" {Ice rN+++ Will- MP+9}
 75095 | Elf:3    | Got Cyal Koff's Tractate on the Summoned Figure
 75594 | Slime:1  | Entered Level 1 of the Pits of Slime
 75821 | Slime:1  | Reached skill level 15 in Spellcasting
 76143 | Slime:2  | Gained mutation: You occasionally shout uncontrollably at
                  | your foes. [a shining eye]
 76292 | Slime:2  | Gained mutation: You frequently scream uncontrollably at
                  | your foes. [a shining eye]
 77246 | Slime:4  | Reached skill level 17 in Summonings
 77398 | Slime:4  | Paralysed by a floating eye for 4 turns
 77996 | Slime:5  | Entered Level 5 of the Pits of Slime
 78171 | Slime:5  | HP: 6/190 [acid blob (18)]
 78578 | Slime:5  | Gained mutation: You occasionally lose the ability to drink
                  | potions when taking damage. [a shining eye]
 78636 | Slime:5  | Noticed Dissolution
 78637 | Slime:5  | Noticed the Royal Jelly
 78760 | Slime:5  | Gained mutation: You sometimes lose the ability to drink
                  | potions when taking damage. [a shining eye]
 78761 | Slime:5  | Gained mutation: You are frail. (-10% HP) [a shining eye]
 78765 | Slime:5  | Paralysed by a great orb of eyes for 3 turns
 78779 | Slime:5  | Gained mutation: You are dopey. (Int -2) [a shining eye]
 78827 | Slime:4  | Gained mutation: Armour fits poorly on your strangely
                  | shaped body. [a shining eye]
 78989 | Slime:5  | Killed Dissolution
 79730 | Slime:2  | Gained mutation: You are vulnerable to heat. (rF-) [a
                  | shining eye]
 79735 | Slime:3  | Gained mutation: You are very frail. (-20% HP) [a shining
                  | eye]
 79939 | Slime:2  | Reached XP level 22. HP: 155/158 MP: 42/42
 80447 | Slime:5  | Found a viscous altar of Jiyva.
 80455 | Slime:5  | Fell from the grace of Gozag
 80455 | Slime:5  | Became a worshipper of Jiyva Juorhui the Shapeless
 81426 | Crypt:1  | Entered Level 1 of the Crypt
 81510 | Crypt:1  | Reached skill level 18 in Summonings
 82000 | Crypt:1  | Lost mutation: You are very frail. (-20% HP) [potion of
                  | mutation]
 82000 | Crypt:1  | Lost mutation: You are frail. (-10% HP) [potion of
                  | mutation]
 82000 | Crypt:1  | Gained mutation: You have hidden genetic potential. [potion
                  | of mutation]
 82000 | Crypt:1  | Gained mutation: You are agile. (Dex +4, Str/Int -1)
                  | [potion of mutation]
 82002 | Crypt:1  | Lost mutation: You are vulnerable to heat. (rF-) [potion of
                  | mutation]
 82002 | Crypt:1  | Lost mutation: Armour fits poorly on your strangely shaped
                  | body. [potion of mutation]
 82002 | Crypt:1  | Lost mutation: You sometimes lose the ability to drink
                  | potions when taking damage. [potion of mutation]
 82002 | Crypt:1  | Gained mutation: You are robust. (+10% HP) [potion of
                  | mutation]
 82730 | Crypt:1  | Learned a level 7 spell: Monstrous Menagerie
 83081 | Crypt:1  | Reached * piety under Jiyva
 83537 | Crypt:2  | Reached ** piety under Jiyva
 84008 | Crypt:3  | Entered Level 3 of the Crypt
 84401 | Crypt:3  | Reached skill level 19 in Summonings
 84449 | Crypt:3  | Reached *** piety under Jiyva
 84675 | Crypt:3  | Found a staircase to the Tomb.
 85441 | Crypt:3  | Identified the +10 broad axe of Benevolence {flame, rPois
                  | Str+4 Dex-4}
 85847 | Crypt:3  | Found an ancient bone altar of Kikubaaqudgha.
 85852 | Crypt:3  | Found a basalt altar of Yredelemnul.
 85885 | Crypt:3  | Identified the +2 longbow of Asseedgh {antimagic, Drain
                  | rElec Will+ Int+2}
 85930 | Crypt:3  | Identified the amulet of Togu {rF+ Regen+ Stlth+}
 85930 | Crypt:3  | Identified the ring "Cyechius" {rPois rN+ Str+5}
 85930 | Crypt:3  | Identified the ring of Iveck {rN+ Slay+2}
 86256 | D:14     | You paid a toll of 6 scrolls of fear to enter a treasure
                  | trove
 86257 | Trove    | Entered a treasure trove
 86272 | Trove    | Got Sif Muna's Vellum of Conjuration and Bewitchment
 86278 | Trove    | Got Sif Muna's Spellbook of Conjured Changing
 86297 | Trove    | Got Sif Muna's Almanac of Chilly Rallying
 86314 | Trove    | Got Sif Muna's Vellum of the Distorted Union
 86581 | Snake:3  | Bought an embroidered cloak for 262 gold pieces
 87044 | Tomb:1   | Entered Level 1 of the Tomb of the Ancients
 87075 | Tomb:1   | Learned a level 8 spell: Summon Horrible Things
 87262 | Tomb:1   | Lost mutation: You are robust. (+10% HP) [Jiyva's grace]
 87262 | Tomb:1   | Lost mutation: You frequently scream uncontrollably at your
                  | foes. [Jiyva's grace]
 87262 | Tomb:1   | Lost mutation: You have hidden genetic potential. [Jiyva's
                  | grace]
 87262 | Tomb:1   | Gained mutation: Your melee attacks may engulf your foes in
                  | ooze. [Jiyva's grace]
 87262 | Tomb:1   | Gained mutation: You possess an exceptional clarity of
                  | mind. [Jiyva's grace]
 87262 | Tomb:1   | Gained mutation: You are covered in slimy tendrils that may
                  | disarm your opponents. [Jiyva's grace]
 87262 | Tomb:1   | Gained mutation: You have acidic saliva. [Jiyva's grace]
 87307 | Tomb:1   | Reached **** piety under Jiyva
 87507 | Tomb:1   | Gained mutation: You are surrounded by an aura of silence.
                  | [demonic ancestry]
 87507 | Tomb:1   | Reached XP level 23. HP: 193/205 MP: 38/45
 87509 | Tomb:1   | Noticed a royal mummy
 87563 | Tomb:1   | Killed a royal mummy
 87786 | Tomb:1   | Noticed a royal mummy
 87798 | Tomb:1   | Killed a royal mummy
 88163 | Tomb:1   | Noticed a royal mummy
 88181 | Tomb:1   | Killed a royal mummy
 88795 | Snake:3  | Bought a manual of Hexes for 1280 gold pieces
 89203 | Depths:1 | Entered Level 1 of the Depths
 89215 | Depths:1 | Noticed Aizul
 89226 | Depths:1 | Killed Aizul
 89467 | Depths:1 | Found a one-way gateway to a ziggurat.
 89621 | Depths:1 | Got the Tome of the Evil Eye
 89761 | Depths:1 | Reached ***** piety under Jiyva
 89994 | Depths:1 | Identified the +2 short sword "Egyttaib" {drain, *Corrode
                  | Drain Will+ Str+7}
 90050 | Depths:1 | Found a gateway to Hell.
 90160 | Depths:1 | Found a one-way gate leading to the halls of Pandemonium.
 90178 | Depths:1 | Reached skill level 10 in Hexes
 90492 | Depths:2 | Noticed a caustic shrike
 90503 | Depths:2 | Killed a caustic shrike
 90581 | Depths:2 | Noticed a juggernaut
 90586 | Depths:2 | Noticed a caustic shrike
 90601 | Depths:2 | Killed a caustic shrike
 90649 | Depths:2 | Killed a juggernaut
 91033 | Depths:2 | Noticed a caustic shrike
 91044 | Depths:2 | Killed a caustic shrike
 91106 | Depths:2 | Lost mutation: You have acidic saliva. [Jiyva's grace]
 91106 | Depths:2 | Lost mutation: You occasionally lose the ability to drink
                  | potions when taking damage. [Jiyva's grace]
 91106 | Depths:2 | Lost mutation: Your melee attacks may engulf your foes in
                  | ooze. [Jiyva's grace]
 91106 | Depths:2 | Gained mutation: You expend magic power (3 MP) to
                  | strengthen your wands. [Jiyva's grace]
 91106 | Depths:2 | Gained mutation: You are very agile. (Dex +8, Str/Int -2)
                  | [Jiyva's grace]
 91106 | Depths:2 | Gained mutation: Your muscles are strong. (Str +4, Int/Dex
                  | -1) [Jiyva's grace]
 91106 | Depths:2 | Gained mutation: Your muscles are very strong. (Str +8,
                  | Int/Dex -2) [Jiyva's grace]
 91117 | Depths:2 | Found a one-way gate to the infinite horrors of the Abyss.
 92089 | Depths:2 | Was forgiven by Gozag
 92444 | Depths:3 | Reached XP level 24. HP: 132/212 MP: 24/47
 92541 | Depths:3 | Reached skill level 15 in Hexes
 93752 | Depths:3 | Identified the +9 mace of Atuhei {elec, rElec Str+2 Int-3}
 93855 | Depths:3 | Identified the ring of the Morning {Will+ Dex+2}
 93887 | Depths:4 | Entered Level 4 of the Depths
 93965 | Depths:4 | Found a gate to the Realm of Zot.
 94591 | Depths:4 | Identified the +4 trident of the Everdark {spect, Will+
                  | Dex+3}
 95083 | Hell     | Entered the Vestibule of Hell
 95083 | Hell     | Noticed Geryon
 95159 | Depths:4 | Learned a level 7 spell: Enfeeble
 95314 | Hell     | Killed Geryon
 95340 | Hell     | Found a gateway to the freezing wastes of Cocytus.
 95407 | Hell     | Found a gateway to the decaying netherworld of Tartarus.
 95431 | Hell     | Reached ****** piety under Jiyva
 95435 | Hell     | Lost mutation: You are dopey. (Int -2) [Jiyva's grace]
 95435 | Hell     | Lost mutation: You occasionally shout uncontrollably at
                  | your foes. [Jiyva's grace]
 95435 | Hell     | Gained mutation: Your body has grown eyes which may confuse
                  | attackers. (Acc +3) [Jiyva's grace]
 95435 | Hell     | Gained mutation: Your body has grown many eyes which may
                  | confuse attackers. (Acc +5) [Jiyva's grace]
 95435 | Hell     | Gained mutation: Your body is covered in eyes which may
                  | confuse attackers. (Acc +7, SInv) [Jiyva's grace]
 95435 | Hell     | Gained mutation: You passively map a small area around you.
                  | [Jiyva's grace]
 95560 | Hell     | Found a gateway to the Iron City of Dis.
 95746 | Hell     | Found a gateway to the ashen valley of Gehenna.
 96256 | Slime:5  | Got the Thoughts on Ironbound Permutations
 96301 | Slime:5  | Got a slimy rune of Zot
 96319 | Slime:5  | Identified the +2 quarterstaff of Uskayaw {vamp, rCorr
                  | Int+5}
 96326 | Slime:5  | Identified the amulet "Cax Nuaq" {Spirit Regen+}
 96331 | Slime:5  | Identified the +0 leather armour of the Guild-Master {rElec
                  | rF+}
 96358 | Slime:5  | Identified the +5 sling of Jecviuxt {flame, rElec Str+3}
 96771 | Zot:1    | Entered Level 1 of the Realm of Zot
 96794 | Zot:1    | You fall into a shaft and drop 1 floor!
 96928 | Zot:1    | Reached skill level 1 in Maces & Flails
 96995 | Zot:1    | Noticed a Killer Klown
 97018 | Zot:1    | Killed a Killer Klown
 97038 | Zot:1    | Noticed an orb of fire
 97056 | Zot:1    | Gained mutation: You are frail. (-10% HP) [an orb of fire]
 97059 | Zot:1    | Gained mutation: Armour fits poorly on your strangely
                  | shaped body. [an orb of fire]
 97063 | Zot:1    | Killed an orb of fire
 97532 | Zot:1    | Noticed an orb of fire
 97538 | Zot:1    | Gained mutation: You occasionally shout uncontrollably at
                  | your foes. [an orb of fire]
 97553 | Zot:1    | Killed an orb of fire
 97554 | Zot:1    | Reached XP level 25. HP: 151/197 MP: 42/48
 97876 | Zot:1    | Identified the +7 plate armour of Dishonesty {Dex+2}
 98390 | Zot:1    | Identified the +3 ring mail of the Thistle {Stlth+}
 98776 | Zot:2    | Identified the ring of Bodily Harmony {Ice Slay+3}
 98776 | Zot:2    | Noticed Josephina
 98807 | Zot:2    | Killed Josephina
 99045 | Zot:3    | Lost mutation: You are frail. (-10% HP) [Jiyva's grace]
 99045 | Zot:3    | Lost mutation: You passively map a small area around you.
                  | [Jiyva's grace]
 99045 | Zot:3    | Lost mutation: You occasionally shout uncontrollably at
                  | your foes. [Jiyva's grace]
 99045 | Zot:3    | Lost mutation: Your muscles are very strong. (Str +8,
                  | Int/Dex -2) [Jiyva's grace]
 99045 | Zot:3    | Lost mutation: Your muscles are strong. (Str +4, Int/Dex
                  | -1) [Jiyva's grace]
 99045 | Zot:3    | Lost mutation: Your body is covered in eyes which may
                  | confuse attackers. (Acc +7, SInv) [Jiyva's grace]
 99045 | Zot:3    | Gained mutation: Armour fits poorly on your pseudopods.
                  | [Jiyva's grace]
 99045 | Zot:3    | Gained mutation: Armour fits poorly on your large
                  | pseudopods. [Jiyva's grace]
 99045 | Zot:3    | Gained mutation: Armour fits poorly on your massive
                  | pseudopods. [Jiyva's grace]
 99045 | Zot:3    | Gained mutation: You have acidic saliva. [Jiyva's grace]
 99342 | Zot:3    | Reached skill level 5 in Maces & Flails
 99738 | Zot:4    | Noticed Grunn
 99760 | Zot:4    | Killed Grunn
 99771 | Zot:4    | Found the +4 dragonskin cloak
 99771 | Zot:4    | Noticed Tiamat
100346 | Zot:4    | Killed Tiamat
100734 | Orc:2    | Bought a book of the Dragon for 598 gold pieces
101077 | Zot:4    | Reached skill level 20 in Summonings
101571 | Zot:5    | Entered Level 5 of the Realm of Zot
101594 | Zot:5    | Learned a level 9 spell: Dragon's Call
101614 | Zot:5    | Reached skill level 21 in Summonings
101800 | Zot:5    | Reached XP level 26. HP: 225/229 MP: 35/49
101806 | Zot:5    | Noticed an orb of fire
101809 | Zot:5    | Noticed an orb of fire
101821 | Zot:5    | Noticed an ancient lich
101823 | Zot:5    | Killed an orb of fire
101829 | Zot:5    | Killed an orb of fire
101832 | Zot:5    | Killed an ancient lich
102200 | Zot:5    | Noticed an ancient lich
102214 | Zot:5    | Killed an ancient lich
102215 | Zot:5    | Reached skill level 22 in Summonings
102238 | Zot:5    | Noticed an ancient lich
102255 | Zot:5    | Killed an ancient lich
102300 | Zot:5    | Noticed an orb of fire
102323 | Zot:5    | Killed an orb of fire
102336 | Zot:5    | Noticed a dread lich
102341 | Zot:5    | Killed a dread lich
102342 | Zot:5    | Noticed a dread lich
102347 | Zot:5    | Killed a dread lich
102353 | Zot:5    | Reached skill level 23 in Summonings
102368 | Zot:5    | Killed an ancient lich
103148 | Zot:5    | Got the Orb of Zot
103253 | Zot:1    | Noticed Jeytz the pandemonium lord
103318 | Depths:4 | Noticed Xenau the pandemonium lord
103411 | Depths:1 | Noticed Zaheul the pandemonium lord
103428 | Depths:1 | Killed Zaheul the pandemonium lord
103442 | Depths:1 | Noticed Zytasch the pandemonium lord
103495 | Depths:1 | Killed Zytasch the pandemonium lord
103496 | Depths:1 | Reached skill level 24 in Summonings
103521 | Depths:1 | Noticed Huduapir the pandemonium lord
103544 | Depths:1 | Killed Huduapir the pandemonium lord
104016 | D:$      | Escaped with the Orb!

Illustrated notes

Levels and vault maps discovered:
D:1:      onia_arrival_mini_spirals, layout_basic, serial_shops,
          nicolae_shop_trees
D:2:      layout_basic, serial_shops, shop, shapermc_ecumenical_altar_rom_forum,
          basic_altar, grunt_ministairs_11
D:3:      layout_loops_cross, grunt_dithmenos_smoke_and_mirrors,
          gup_sewer_entry_bowl
D:4:      layout_basic
D:5:      layout_basic, minmay_temple_entry_antechambers,
          gammafunk_ghost_stat_death, hangedman_decor_clover_reticule
D:6:      layout_basic, okawaru_gym_becter, uniq_pikel
D:7:      layout_loops_ring, ashenzari_altar_1, lemuel_round_altar,
          kennysheep_orc_sif_temple, mainiacjoe_overflow_24_doors,
          grunt_decor_one_mirror
D:8:      gammafunk_beogh_shrine, layout_basic, zin_treasury, dpeg_lair_monsters
D:9:      layout_long_grid, mainiacjoe_overflow_brackets,
          dancing_weapons_uskayaw, uniq_erolcha, uniq_maurice
D:10:     layout_stronghold, dk_yredelemnul_ordeal, serial_column_ruins,
          column_ruins_grid_5, column_ruins_temple_circle,
          column_ruins_columns_corner, column_ruins_open_tiny,
          column_ruins_corridor_straight, column_ruins_open_tiny,
          grunt_ministairs_6, uniq_psyche, uniq_fannar
D:11:     fort_yaktaur, layout_long_grid, erik_orc_3, mrwooster_statue_mirror
D:12:     layout_roguey [special_room_bee], serial_ice, serial_ice_h,
          serial_ice_k, serial_ice_e, serial_ice_a,
          chequers_serial_rivers_large_b, uniq_nessos
D:13:     layout_cave_pools, skrybe_vaults_entry_preservation, special_room
          [special_room_orc], biasface_ghost_orc_armoury, uniq_azrael
D:14:     layout_rooms, enter_trove_0, nemelex_altar_shiori,
          minmay_misc_feat_rugged, minivault_25
D:15:     grunt_enter_depths_giant_problem, layout_basic, serial_ice,
          serial_ice_c, serial_ice_o, serial_ice_b, serial_ice_m, serial_ice_i,
          serial_ice_h, hangedman_decor_growths, uniq_roxanne
Temple:   hellmonk_temple_two_chambers
Lair:1:   layout_cave_pods, minivault_27, serial_bayou_shore_b
Lair:2:   layout_cave_pods, minmay_shoals_entry_beasts,
          nicolae_snake_entry_squirm, lemuel_fruit_fields
Lair:3:   layout_chaotic_city, forest_entry_grove
Lair:4:   layout_regular_city, nicolae_lair_lil_pond,
          infiniplex_staircase_pool_2, uniq_kirke, uniq_snorg
Lair:5:   due_jungle_book, layout_regular_city, slime_entry_1,
          gauntlet_entry_generic, ebering_ghost_inner_flame
Shoals:1: layout_shoals
Shoals:2: layout_shoals, nicolae_shoals_water_booths
Shoals:3: layout_shoals, uniq_mara
Shoals:4: shoals_end_hangedman, layout_shoals,
          portal_ice_cave_entry_frozen_things, serial_shops, shop
Snake:1:  layout_layer_cave, basic_altar, grunt_megastairs_3, uniq_agnes
Snake:2:  layout_gridlike
Snake:3:  layout_misc_corridors, serial_shops, shop_fountains,
          nicolae_take_the_stairs, nicolae_shop_trees, shop, shop
Snake:4:  snake_hunt, layout_chambers, basic_altar, grunt_megastairs_2,
          serial_bayou_shore_b
Slime:1:  layout_caves
Slime:2:  layout_caves
Slime:3:  layout_caves
Slime:4:  cheibrodos_slime_lost_civilization_10, layout_caves
Slime:5:  uniq_dissolution
Orc:1:    layout_diamond_mine, serial_shops, shop, nicolae_orc_tapped_out
Orc:2:    grunt_orc_tribal_feast, layout_caves, gammafunk_ghost_cemetery,
          nicolae_shop_vocational, uniq_sonja
Elf:1:    layout_loops_ring, serial_shops, nicolae_square_shop, basic_altar,
          minmay_elf_necromancy
Elf:2:    elven_hall_of_blades_hangedman_original
          [infiniplex_blade_entry_pillars], layout_gridlike
Elf:3:    minmay_elf_hall_furrowed, layout_geoelf_octagon
Vaults:1: ontoclasm_vaults_bender, ontoclasm_vaults_tryst, v_alt_pattern_1,
          v_misc_19, v_pattern_5, vaults_room_pool, vaults_dpeg_hooks,
          ontoclasm_vaults_loading_screen, v_misc_30, dpeg_vaults_monster_box,
          vaults_room_grid, layout_vaults_omnigrid, uniq_asterion
Vaults:2: vaults_standard_mumra_lines, vaults_room_grid, v_alt_pattern_4,
          v_misc_10, grunt_vaults_diagonal, v_misc_13,
          nicolae_vaults_specimen_jars, vaults_room_pool,
          nicolae_vaults_big_angled_halls, vaults_mumra_chevron_long,
          nicolae_vaults_little_squares_1, vaults_mumra_hex,
          ontoclasm_vaults_twist, v_misc_22, layout_vaults_ring
Vaults:3: hangedman_vaults_river_flow, ontoclasm_vaults_spin,
          minmay_crypt_entry_simple_corners, nicolae_vaults_circle_grid_b,
          v_alt_pattern_1, nicolae_vaults_ninety_degrees,
          ontoclasm_vaults_claustrophobia, v_misc_22,
          nicolae_vaults_little_squares_2, nicolae_vaults_what_the_h,
          hangedman_vaults_corner_blocks, nicolae_vaults_bisected_slash,
          vaults_mumra_minichess_inversion, ontoclasm_vaults_idyll,
          layout_vaults_maze, serial_shops, nicolae_shop_bloodbath_and_beyond
Vaults:4: nicolae_vaults_branching_niches, vaults_dpeg_cross,
          hangedman_vaults_corner_blocks, vaults_room_pools,
          nicolae_vaults_little_ls, nicolae_vaults_yaktaur_gun_rack,
          ontoclasm_vaults_hangar, ontoclasm_vaults_shuriken, v_alt_pattern_2,
          layout_vaults_big_room
Crypt:1:  layout_gridlike, hex_large, minmay_misc_feat_pillars
Crypt:2:  layout_misc_corridors
Crypt:3:  lightli_unholy_cathedral, layout_chaotic_city,
          tomb_entry_shell_bobbens
Tomb:1
Depths:1: layout_gridlike, enter_ziggurat_b, grunt_pan_entry_spiral, hell_entry,
          chequers_serial_rivers_large_a, kennysheep_generic_room_8, uniq_aizul
Depths:2: minmay_central_circle, layout_basic, abyss_entry, pf_coc_iceberg,
          rand_demon_pan_entry_8
Depths:3: grunt_double_whammy, layout_cave_pools, hell_entry,
          abyss_entry_crystal
Depths:4: grunt_crosshair, layout_gridlike, hell_entry
Hell
Zot:1:    gammafunk_mikee_crab_dinner, layout_concentric_octagons,
          hangedman_player_shredder
Zot:2:    layout_basic, uniq_josephina
Zot:3:    layout_gridlike, st_stairs_6
Zot:4:    layout_misc_corridors, st_small_dragon_hoard_3,
          lemuel_baited_zot_trap, uniq_tiamat, uniq_grunn
Zot:5:    layout_misc_corridors

Skill      XL: |  1  2  3  4  5  6  7  8  9 10 11 12 13 14 15 16 17 18 19 20 21 22 23 24 25 26 |
---------------+-------------------------------------------------------------------------------+-----
Spellcasting   | 3 4 5 6 8 10 12 14 16 18 20 21 22 | 22.1
Summonings     | 5 6 7 9 11 13 14 15 17 19 21 24 | 24.3
Hexes          | 1 3 4 5 6 14 17 | 17.4
Air Magic      | 1 2 4 5 |  5.0
Fighting       | 6 10 12 15 17 18 20 22 23 | 23.4
Dodging        | 5 9 12 14 15 17 19 20 21 | 21.8
Maces & Flails | 2 6 |  6.2
Stealth        | |  1.7

Action                     |  1- 3 |  4- 6 |  7- 9 | 10-12 | 13-15 | 16-18 | 19-21 | 22-24 | 25-27 || total
---------------------------+-------+-------+-------+-------+-------+-------+-------+-------+-------++-------
  Melee: Unarmed           |    56 |    48 |   104 |    62 |       |       |       |       |       ||   270
         Touch             |     3 |     5 |    16 |    17 |   108 |   107 |   226 |   303 |   118 ||   903
         Punch             |       |     1 |     2 |       |     5 |     8 |    18 |    32 |    10 ||    76
         War axe           |       |       |       |    15 |   533 |   447 |  1030 |   323 |       ||  2348
         Mace              |       |       |       |       |       |       |       |   757 |   379 ||  1136
         Bite              |       |       |       |       |       |       |       |    15 |    60 ||    75
         Pseudopods        |       |       |       |       |       |       |       |       |   110 ||   110
   Cast: Summon Small Mamm |    51 |    21 |    19 |    10 |    22 |       |       |       |       ||   123
         Call Imp          |     4 |     7 |     9 |     4 |    10 |       |       |       |       ||    34
         Call Canine Famil |     5 |    17 |    37 |    61 |   145 |   176 |    77 |    42 |     1 ||   561
         Summon Guardian G |       |       |     6 |    80 |   168 |   196 |    82 |    40 |     1 ||   573
         Summon Lightning  |       |       |     2 |    61 |   137 |   145 |    69 |    31 |     1 ||   446
         Summon Forest     |       |       |       |       |       |    77 |    86 |    61 |    23 ||   247
         Summon Hydra      |       |       |       |       |       |    28 |    39 |   101 |    62 ||   230
         Summon Cactus Gia |       |       |       |       |       |    74 |   137 |   228 |    53 ||   492
         Summon Mana Viper |       |       |       |       |       |    43 |    97 |   138 |    30 ||   308
         Monstrous Menager |       |       |       |       |       |       |       |    29 |    12 ||    41
         Summon Horrible T |       |       |       |       |       |       |       |    94 |    68 ||   162
         Dragon's Call     |       |       |       |       |       |       |       |       |     9 ||     9
         Enfeeble          |       |       |       |       |       |       |       |       |     3 ||     3
 Invoke: Call Merchant     |       |       |       |       |     4 |     4 |       |       |       ||     8
  Evoke: Wand              |       |       |       |       |     1 |       |       |       |     1 ||     2
    Use: Scroll            |       |     5 |     4 |    11 |     8 |     6 |     1 |     7 |    10 ||    52
         Potion            |       |     1 |       |     2 |     2 |     3 |     8 |     3 |     5 ||    24
   Stab: Distracted        |       |       |       |     2 |    10 |     4 |    19 |    26 |    14 ||    75
         Sleeping          |       |       |       |       |     3 |     1 |     9 |     3 |     2 ||    18
         Betrayed ally     |       |       |       |       |       |     1 |       |       |       ||     1
         Confused          |       |       |       |       |       |       |       |     1 |    17 ||    18
         Invisible         |       |       |       |       |       |       |       |       |     2 ||     2
 Armour: Robe              |    27 |    33 |    65 |    49 |   130 |   289 |       |       |       ||   593
         Scale mail        |       |       |       |       |   265 |       |       |       |       ||   265
         Troll leather arm |       |       |       |       |       |    55 |   608 |   970 |   199 ||  1832
  Dodge: Dodged            |    48 |    95 |    71 |   111 |   571 |  1009 |  1205 |  3197 |   957 ||  7264
  Block: Other             |       |       |     9 |    21 |   153 |   157 |   181 |   412 |    90 ||  1023

Table legend: (Time is in decaauts)
 A = Elapsed time spent in this place.
 B = Non-inter-level travel time spent in this place.
 C = Inter-level travel time spent in this place.
 D = Time resting spent in this place.
 E = Time spent auto-exploring this place.
 F = Levels seen in this place.
 G = Mean time per level.
                   A        B        C        D        E       F      G
               +--------+--------+--------+--------+--------+-----+--------+
         Total | 105057 |  97221 |   7836 |  29343 |  41468 |  61 | 1722.2 |
       Dungeon |  29318 |  25802 |   3516 |   6882 |  12512 |  15 | 1954.5 |
        Temple |     34 |     25 |      9 |      0 |     10 |   1 |   34.0 |
          Lair |   8960 |   8187 |    773 |   1320 |   5070 |   5 | 1792.0 |
        Shoals |   7031 |   6846 |    185 |   1861 |   3287 |   4 | 1757.8 |
     Snake Pit |  11474 |  10986 |    488 |   5175 |   3541 |   4 | 2868.5 |
    Slime Pits |   5693 |   5465 |    228 |   1693 |   2253 |   5 | 1138.6 |
  Orcish Mines |   2957 |   2676 |    281 |    849 |   1255 |   2 | 1478.5 |
   Elven Halls |   6903 |   6677 |    226 |   3141 |   1736 |   3 | 2301.0 |
        Vaults |   9700 |   9219 |    481 |   2586 |   4494 |   4 | 2425.0 |
         Crypt |   4645 |   4290 |    355 |   1216 |   1701 |   3 | 1548.3 |
          Tomb |   1331 |   1228 |    103 |    121 |    378 |   1 | 1331.0 |
        Depths |   7031 |   6280 |    751 |   1264 |   2438 |   4 | 1757.8 |
          Hell |    647 |    638 |      9 |      0 |    265 |   1 |  647.0 |
           Zot |   6142 |   5718 |    424 |   1141 |   2160 |   5 | 1228.4 |
         Abyss |     57 |     57 |      0 |      0 |      0 |   1 |   57.0 |
         Trove |     90 |     90 |      0 |      0 |      0 |   1 |   90.0 |
         Sewer |    642 |    642 |      0 |    324 |    124 |   1 |  642.0 |
      Ice Cave |   2395 |   2395 |      0 |   1769 |    241 |   1 | 2395.0 |
               +--------+--------+--------+--------+--------+-----+--------+

Top non-repeatable levels by time:
    D:13: 3517 daAuts
    D:11: 3353 daAuts
 Snake:2: 3248 daAuts
Depths:2: 3189 daAuts
Vaults:1: 3085 daAuts
 Snake:3: 3019 daAuts
     D:8: 2877 daAuts
   Elf:3: 2806 daAuts
 Snake:4: 2753 daAuts
Vaults:2: 2590 daAuts
   Elf:2: 2552 daAuts
 Snake:1: 2453 daAuts
   IceCv: 2395 daAuts
  Lair:5: 2349 daAuts
    D:12: 2339 daAuts
